 Dungeon Crawl Stone Soup version 0.19-a0-1225-gf887c1c (webtiles) character file.

70 LORDOFBUTT the Skirmisher (level 4, 0/41 HPs)
             Began as a Minotaur Fighter on Aug 26, 2016.
             Slain by a gnoll
             ... wielding a +0 club
              (8 damage)
             ... on level 2 of the Dungeon.
             The game lasted 00:00:58 (1112 turns).

LORDOFBUTT the Skirmisher (Minotaur Fighter)        Turns: 1112, Time: 00:00:58

Health: 0/41       AC:  8    Str: 26    XL:     4   Next: 3%
Magic:  3/3        EV:  8    Int:  5    God:
Gold:   97         SH: 10    Dex: 10    Spells: 0 memorised, 3 levels left

rFire  + . .     SeeInvis .     a - +0 war axe
rCold  + . .     Gourm    .     b - +0 scale mail
rNeg   . . .     Faith    .     c - +0 shield
rPois  +         Spirit   .     (helmet restricted)
rElec  +         Dismiss  .     (no cloak)
rCorr  +         Reflect  .     (no gloves)
MR     .....     Harm     .     o - +0 pair of boots
Stlth  ..........               (no amulet)
                                (no ring)
                                (no ring)

@: mighty, resistant
A: retaliatory headbutt, horns 2
a: no special abilities


You were on level 2 of the Dungeon.
You were full.

You visited 1 branch of the dungeon, and saw 2 of its levels.

You collected 97 gold pieces.

Inventory:

Hand Weapons
 a - a +0 war axe (weapon)
Armour
 b - a +0 scale mail (worn)
 c - a +0 shield (worn)
 o - a +0 pair of boots (worn)
Scrolls
 e - 2 scrolls of identify {unknown}
 g - 2 scrolls of recharging {unknown}
 i - a scroll of amnesia {unknown}
 k - a scroll of enchant armour {unknown}
 p - a scroll of fear {unknown}
 r - a scroll of remove curse {unknown}
 t - a scroll of magic mapping {unknown}
Potions
 j - a potion of resistance
 m - a potion of berserk rage {unknown}
 n - a potion of haste {unknown}
 q - a potion of curing {unknown}
Comestibles
 f - a bread ration
 s - a meat ration


   Skills:
 + Level 4.7 Fighting
 + Level 2.8 Axes
 + Level 4.2 Armour
 + Level 0.4 Dodging
 + Level 0.1 Stealth
 + Level 4.2 Shields


You had 3 spell levels left.
You didn't know any spells.

Dungeon Overview and Level Annotations

Branches:
Dungeon (2/15)

Altars:
Ru


Innate Abilities, Weirdness & Mutations

You reflexively headbutt those who attack you in melee.
You have a pair of horns on your head.


Message History

The gnoll hits you with a club. You block the gnoll's attack.
You hit the gnoll.
The gnoll is severely wounded.
You block the gnoll's attack. x2; The gnoll hits you with a club.
You barely miss the gnoll.
The gnoll is severely wounded.
The gnoll hits you but does no damage. You block the gnoll's attack.
You closely miss the gnoll.
The gnoll is severely wounded.
You block the gnoll's attack.
The gnoll hits you from afar with a halberd!
* * * LOW HITPOINT WARNING * * *
You are too injured to fight recklessly!
You are too injured to fight recklessly!
It was a potion of resistance.
You feel protected. You block the gnoll's attack. x2
You feel very mighty all of a sudden. The gnoll hits you with a club!
You die...

#..##.# #..#.# #...# #.#
#..##.# #..#.# #...# #.#
#..##.# #..#.# #...# #.#
#.....###<.#.#####...###.###
#...#.......................
#....[###.##.#.......###....
#..#.)....##.#.####### #####
#..#..#...##.#.#
#........gg@.>.#
##.#.........###
#.#.###.##### #.#.# #.###
#.#.# #...# #.#.# ###.#
#.#.#####.# #.#.....#.#
#.#####.#.#


You could see 2 gnolls.

Vanquished Creatures
  3 adders (D:2)
  A gnoll (D:2)
  2 dart slugs (D:2)
  A giant gecko (D:1)
  2 goblins (D:1)
  3 hobgoblins (D:1)
  7 kobolds
  2 quokkas (D:2)
  4 bats
  2 giant newts (D:1)
  3 rats
30 creatures vanquished.

Notes
Turn   | Place    | Note
-------+----------+-------------------------------------------
     0 | D:1      | LORDOFBUTT the Minotaur Fighter began the quest for the Orb.
     0 | D:1      | Reached XP level 1. HP: 19/19 MP: 0/0
   157 | D:1      | Reached XP level 2. HP: 13/27 MP: 1/1
   543 | D:2      | Reached XP level 3. HP: 34/34 MP: 2/2
   798 | D:2      | Found a sacrificial altar of Ru.
  1105 | D:2      | Reached XP level 4. HP: 26/41 MP: 3/3
  1112 | D:2      | Slain by a gnoll

Vault maps used:
D:1:      zelgadis_glass_arrival_small, st_stairs_8
D:2:      hangedman_ru_absence

Skill      XL: |  1  2  3 |
---------------+----------+-----
Fighting       | 4 |  4.7
Armour         | 4 |  4.2
Shields        | 4 |  4.2
Axes           | |  2.8
Dodging        | |  0.4
Stealth        | |  0.1

Action                   |  1- 3 |  4- 6 || total
-------------------------+-------+-------++-------
Melee: War axe           |    57 |     5 ||    62
       Headbutt          |     9 |       ||     9
  Use: Potion            |       |     2 ||     2
  Eat: Fruit             |     5 |       ||     5
       Pizza             |     1 |       ||     1
Armor: Scale mail        |    18 |     2 ||    20
Dodge: Dodged            |    19 |       ||    19
Block: Shield            |    24 |    10 ||    34
